 Dungeon Crawl Stone Soup version 0.30-b1-2-g02819fbbbe (webtiles) character file.

Game seed: 1652523443158232014

593 LLlMATKO the Trooper (level 7, -3/62 HPs)
             Began as a Minotaur Berserker on May 6, 2023.
             Was a Priest of Trog.
             Slain by a gnoll
             ... wielding a +1 halberd of freezing
             ... led by a gnoll bouda
              (9 damage)
             ... on level 4 of the Dungeon.
             The game lasted 00:02:42 (2470 turns).

LLlMATKO the Trooper (Minotaur Berserker)           Turns: 2470, Time: 00:02:43

Health: -3/62      AC:  6    Str: 24    XL:     7   Next: 16%
Magic:  6/6        EV: 12    Int:  4    God:    Trog [***...]
Gold:   189        SH:  0    Dex:  9    Spells: 6/6 levels left

rFire   . . .        a - +0 hand axe
rCold   . . .        (no shield)
rNeg    . . .        d - +0 ring mail
rPois   .            (helmet restricted)
rElec   .            (no cloak)
rCorr   .            (no gloves)
SInv    .            (no boots)
Will    .....        (no amulet) Stlth
                     (no ring)
HPRegen 0.30/turn    (no ring)
MPRegen 0.10/turn

%: no passive effects
@: weak-willed, weakened, on berserk cooldown, slowed, very slow
A: horns 2, retaliatory headbutt
a: Renounce Religion, Berserk, Trog's Hand


You were on level 4 of the Dungeon.
You worshipped Trog.
Trog was most pleased with you.
You visited 1 branch of the dungeon, and saw 4 of its levels.

You collected 189 gold pieces.

Inventory:

Hand Weapons
 a - a +0 hand axe (weapon)
 r - a +2 whip of freezing
Missiles
 l - 3 throwing nets (quivered)
 n - 10 poisoned darts
 p - 2 atropa-tipped darts
 q - 4 boomerangs
Armour
 d - a +0 ring mail (worn)
Jewellery
 v - an amulet of the acrobat
Wands
 s - a wand of light (5)
 u - a wand of charming (10)
Scrolls
 j - 6 scrolls of identify {unknown}
 m - 2 scrolls of blinking {unknown}
 t - a scroll of poison {unknown}
Potions
 b - 3 potions of curing {unknown}
 c - a potion of ambrosia {unknown}
 e - 2 potions of heal wounds {unknown}
 g - a potion of might {unknown}
 i - 3 potions of mutation {unknown}
 k - 2 potions of flight {unknown}


   Skills:
 + Level 5.8 Fighting
 + Level 5.8 Axes
 + Level 5.2 Armour
 + Level 4.6 Dodging


You had 6 spell levels left.
You didn't know any spells.
Your spell library was empty.

Dungeon Overview and Level Annotations

Branches:
Dungeon (4/15)
 Temple: D:4-7

Altars:
Hepliaklqana


Innate Abilities, Weirdness & Mutations

You have a pair of horns on your head.
You reflexively headbutt those who attack you in melee.


Message History

* * * LOW HITPOINT WARNING * * *
The gnoll hits you but does no damage.
The gnoll bouda gazes fiercely through you!
You feel your attacks grow feeble. The gnoll misses you.
The gnoll hits you but does no damage. The gnoll bouda barely misses you.
You furiously retaliate!
You headbutt the gnoll bouda. The gnoll misses you.
The gnoll hits you from afar with a +1 halberd of freezing.
* * * LOW HITPOINT WARNING * * *
The gnoll freezes you.
* * * LOW HITPOINT WARNING * * *
The gnoll bouda attacks as you move away!
The gnoll bouda closely misses you.
Found a whip.
The gnoll barely misses you. The gnoll bouda closely misses you.
The gnoll misses you.
The gnoll is no longer moving quickly.
The gnoll barely misses you. The gnoll misses you.
Your attacks no longer feel as feeble.
The gnoll bouda barks out a call to the hunt!
The gnoll picks up the pace!
The gnoll hits you but does no damage.
The gnoll hits you from afar with a +0 spear.
* * * LOW HITPOINT WARNING * * *
The gnoll bouda attacks as you move away!
The gnoll bouda misses you.
The gnoll hits you from afar with a +0 spear.
* * * LOW HITPOINT WARNING * * *
The gnoll misses you.
The gnoll bouda hits you but does no damage.
The gnoll is no longer moving quickly. x2
The gnoll bouda gazes fiercely through you!
You feel your attacks grow feeble. The gnoll hits you but does no damage.
The gnoll bouda misses you. You furiously retaliate!
You headbutt the gnoll bouda, but do no damage.
The gnoll misses you. The gnoll hits you but does no damage.
The gnoll bouda gazes fiercely through you!
You feel as though you will be weak longer.
The gnoll hits you from afar with a +1 halberd of freezing!
You die...

**** ***##..#........,,** *,,,
,,,******,,....#...P..#**,,* **,,
,,,,,*,.,,,,,....≈≈...##*#.#***,,
,,,,,,,...*,***#.≈≈....##...,**,,
,**,,,,...######...).......,,,*,,
,****,,,......#.#........<....*,,
,*****,,*#...........#..##...,,,,
,,*,....##.##..##..###...#...*,**
,,,,,)......#..g@..........#****
..,,**...,#...g.)..........##
..#*###.#*#.ggg........#....#
...##...###.#....##....#..##* **
,#........#.##.#####...).#* *#.
.#......g...............[###**#..
....................####)#.##,...
,#............)..#..#.##))..##...
*#.........).....#.............#*


You could see a gnoll bouda (weak-willed) and 4 gnolls.

Vanquished Creatures
  Sigmund (D:3)
  A black bear (D:4)
  A phantom (D:3)
  A gnoll bouda (D:4)
  13 gnolls
  3 adders
  2 white imps (D:4)
  An ufetubus (D:4)
  2 dart slugs (D:1)
  4 ball pythons
  2 bats
  6 endoplasms
  2 giant cockroaches
  4 goblins
  6 hobgoblins
  4 jackals (D:1)
  11 kobolds
  2 quokkas
  4 frilled lizards
  6 rats
76 creatures vanquished.

Vanquished Creatures (others)
  4 demonic plants (D:4)
4 creatures vanquished.

Grand Total: 80 creatures vanquished

Notes
Turn   | Place    | Note
-------+----------+-------------------------------------------
     0 | D:1      | LLlMATKO the Minotaur Berserker began the quest for the
                  | Orb.
     0 | D:1      | Reached XP level 1. HP: 19/19 MP: 0/0
   123 | D:1      | Reached XP level 2. HP: 27/27 MP: 1/1
   433 | D:1      | You fall into a shaft and drop 1 floor!
   479 | D:1      | Reached XP level 3. HP: 25/33 MP: 2/2
   829 | D:1      | Found a faded altar of an unknown god.
  1212 | D:2      | Reached ** piety under Trog
  1603 | D:3      | Reached XP level 4. HP: 40/40 MP: 3/3
  1632 | D:3      | Noticed Sigmund
  1641 | D:3      | Killed Sigmund
  1642 | D:3      | Reached skill level 5 in Fighting
  1642 | D:3      | Reached skill level 5 in Axes
  1642 | D:3      | Reached XP level 5. HP: 5/48 MP: 4/4
  1642 | D:3      | Reached XP level 6. HP: 6/56 MP: 5/5
  1943 | D:3      | Found a hazy altar of Hepliaklqana.
  2437 | D:4      | Reached *** piety under Trog
  2442 | D:4      | Reached skill level 5 in Armour
  2447 | D:4      | Reached XP level 7. HP: 61/62 MP: 6/6
  2470 | D:4      | Slain by a gnoll

Illustrated notes

Levels and vault maps discovered:
D:1:      minmay_arrival_jagged, layout_basic,
          shapermc_ecumenical_altar_mp_vishouse
D:2:      layout_basic, minmay_fountain_box, corexii_item_surrounded_by_moat,
          nrook_campfire
D:3:      layout_rooms, worldfamousw_hep_ancestral_shrine, corner_web_ring,
          uniq_sigmund
D:4:      cheibrodos_pilgrimage, layout_cave_pools, serial_demonic,
          serial_demonic_b, serial_demonic_a, serial_demonic_g, serial_demonic_e

Skill      XL: |  1  2  3  4  5  6 |
---------------+-------------------+-----
Fighting       | 4 5 |  5.8
Axes           | 4 5 |  5.8
Armour         | 3 4 5 |  5.2
Dodging        | 3 4 |  4.6

Action                     |  1- 3 |  4- 6 |  7- 9 || total
---------------------------+-------+-------+-------++-------
  Melee: Hand axe          |    92 |    68 |     6 ||   166
         Headbutt          |    13 |    15 |       ||    28
         Punch             |       |     1 |     1 ||     2
 Invoke: Berserk           |       |     3 |       ||     3
    Use: Scroll            |       |       |     3 ||     3
 Armour: Ring mail         |    23 |    17 |    11 ||    51
         Animal skin       |     1 |       |       ||     1
  Dodge: Dodged            |    47 |    45 |    29 ||   121
